| TOP OF THE 1ST |
|
Peninsula Panthers batting - Pitching for Kinston Eagles : RHP Erol Akchurin
|
|
Pitching: RHP Erol Akchurin
|
|
|
Batting: SHB Steven Malito
|
0-0: Called Strike 0-1: Ball 1-1: Called Strike 1-2: Strikes out swinging
|
|
Batting: RHB Dan Cox
|
0-0: Called Strike 0-1: Ball 1-1: Ball 2-1: Ball 3-1: Ground out 6-3 (Groundball, 6, EV 105.6 MPH)
|
|
Batting: RHB David Stokes
|
0-0: Fly out, F5 (Line Drive, 5, EV 70.6 MPH)
|
| Top of the 1st over - 0 runs, 0 hits, 0 errors, 0 left on base; Peninsula 0 - Kinston 0 |
| BOTTOM OF THE 1ST |
|
Kinston Eagles batting - Pitching for Peninsula Panthers : RHP Steve Daniels
|
|
Pitching: RHP Steve Daniels
|
|
|
Batting: LHB Jeffrey Wilson
|
0-0: Swinging Strike 0-1: Ball 1-1: SINGLE (Flyball, 6D, EV 95.0 MPH)
|
|
Batting: RHB Tony Incaviglia
|
0-0: Called Strike 0-1: Ball 1-1: SINGLE (Groundball, 6MD, EV 103.8 MPH) Jeffrey Wilson to second
|
|
Batting: LHB Eric Peyton
|
0-0: Ball 1-0: Swinging Strike 1-1: SINGLE (Groundball, 4M, EV 77.5 MPH) (infield hit) Jeffrey Wilson to third Tony Incaviglia to second
|
|
Batting: RHB Carlos Ponce
|
0-0: Ball 1-0: Called Strike 1-1: Foul Ball, location: 2F 1-2: Ball 2-2: Strikes out looking
|
|
Batting: RHB Elias Corona
|
0-0: Called Strike 0-1: Called Strike 0-2: Ball 1-2: SINGLE (Groundball, 34D, EV 106.9 MPH) Jeffrey Wilson scores Tony Incaviglia to third Eric Peyton to second Runner from 3rd tries for Home, SAFE, throw by RF to home
|
|
Batting: RHB Alfredo Aceves
|
0-0: Called Strike 0-1: Ball 1-1: Swinging Strike 1-2: Ground out 4-3 (Groundball, 4S, EV 63.8 MPH) Eric Peyton to third Elias Corona to second
|
|
Batting: RHB Guadalupe Garcia
|
0-0: Swinging Strike 0-1: Ball 1-1: Swinging Strike 1-2: Strikes out swinging
|
| Bottom of the 1st over - 2 runs, 4 hits, 0 errors, 2 left on base; Peninsula 0 - Kinston 2 |
| TOP OF THE 2ND |
|
Peninsula Panthers batting - Pitching for Kinston Eagles : RHP Erol Akchurin
|
|
Batting: LHB Randy Harvey
|
0-0: Ball 1-0: Fly out, F9 (Flyball, 89S, EV 91.3 MPH)
|
|
Batting: RHB Lawrence McGee
|
0-0: Ball 1-0: Ball 2-0: Ball 3-0: Base on Balls
|
|
Batting: SHB Vince Coleman
|
0-0: Ball Lawrence McGee steals 2nd base 1-0: Called Strike 1-1: Ball 2-1: Ball 3-1: Called Strike 3-2: Strikes out swinging
|
|
Batting: SHB Romel Beck
|
0-0: Ball 1-0: Ball 2-0: Ball 3-0: Called Strike 3-1: Base on Balls
|
|
Batting: RHB David Stevens
|
0-0: Ball 1-0: Foul Ball, location: 2F 1-1: Swinging Strike 1-2: Fly out, F7 (Flyball, 7, EV 81.9 MPH)
|
| Top of the 2nd over - 0 runs, 0 hits, 0 errors, 2 left on base; Peninsula 0 - Kinston 2 |
| BOTTOM OF THE 2ND |
|
Kinston Eagles batting - Pitching for Peninsula Panthers : RHP Steve Daniels
|
|
Batting: RHB Jose Valdez
|
0-0: Called Strike 0-1: Foul Ball, location: 2F 0-2: Ball 1-2: Foul Ball, location: 2F 1-2: Ball 2-2: Ball 3-2: Strikes out swinging, 2-3 out at first.
|
|
Batting: LHB Randall Curtis
|
0-0: Foul Ball, location: 2F 0-1: Fly out, F8 (Flyball, 8RD, EV 88.8 MPH)
|
|
Batting: LHB Jeffrey Wilson
|
0-0: Fly out, F9 (Flyball, 89M, EV 83.8 MPH)
|
| Bottom of the 2nd over - 0 runs, 0 hits, 0 errors, 0 left on base; Peninsula 0 - Kinston 2 |
| TOP OF THE 3RD |
|
Peninsula Panthers batting - Pitching for Kinston Eagles : RHP Erol Akchurin
|
|
Batting: RHB Douglas Elliott
|
0-0: Called Strike 0-1: Called Strike 0-2: Ball 1-2: Foul Ball, location: 2F 1-2: Foul Ball, location: 2F 1-2: Ball 2-2: Fly out, F9 (Flyball, 9D, EV 86.3 MPH)
|
|
Batting: SHB Steven Malito
|
0-0: Ball 1-0: Foul Ball, location: 2F 1-1: Ball 2-1: SINGLE (Line Drive, 9S, EV 100.0 MPH)
|
|
Batting: RHB Dan Cox
|
0-0: Ball Steven Malito steals 2nd base 1-0: Called Strike 1-1: Ground out 6-3 (Groundball, 6M, EV 99.4 MPH) Steven Malito to third
|
|
Batting: RHB David Stokes
|
0-0: Single, Error in OF, E7, batter to second base (Line Drive, 7S, EV 111.3 MPH) Steven Malito scores
|
|
Batting: LHB Randy Harvey
|
0-0: Called Strike 0-1: Called Strike 0-2: DOUBLE (Line Drive, 89M, EV 101.9 MPH) David Stokes scores
|
|
Batting: RHB Lawrence McGee
|
0-0: Ball 1-0: Ball 2-0: Foul Ball, location: 2F 2-1: Called Strike 2-2: Foul Ball, location: 2F 2-2: Ball 3-2: Base on Balls
|
|
Batting: SHB Vince Coleman
|
0-0: Ball 1-0: Called Strike 1-1: Foul Ball, location: 2F 1-2: Ball 2-2: Foul Ball, location: 2F 2-2: Ball 3-2: Base on Balls Randy Harvey to third Lawrence McGee to second
|
|
Batting: SHB Romel Beck
|
0-0: Foul Ball, location: 2F 0-1: Swinging Strike 0-2: Strikes out looking
|
| Top of the 3rd over - 2 runs, 3 hits, 1 error, 3 left on base; Peninsula 2 - Kinston 2 |
| BOTTOM OF THE 3RD |
|
Kinston Eagles batting - Pitching for Peninsula Panthers : RHP Steve Daniels
|
|
Batting: RHB Tony Incaviglia
|
0-0: Ball 1-0: Ball 2-0: SINGLE (Line Drive, 8RS, EV 101.9 MPH)
|
|
Batting: LHB Eric Peyton
|
0-0: Swinging Strike 0-1: Ball 1-1: Foul Ball, location: 2F 1-2: SINGLE (Line Drive, 9S, EV 93.8 MPH) Tony Incaviglia to second Runner from 2nd tries for 3rd, SAFE, no throw by RF
|
|
Batting: RHB Carlos Ponce
|
0-0: Ball Eric Peyton steals 2nd base (no throw) 1-0: Ball 2-0: Fly out, F8 (Flyball, 8LD, EV 86.9 MPH) Runner from 3rd tags up, SCORES, throw by CF Eric Peyton to third
|
|
Batting: RHB Elias Corona
|
0-0: Ball 1-0: Ball 2-0: Ball 3-0: Base on Balls
|
|
Batting: RHB Alfredo Aceves
|
0-0: Ball 1-0: Called Strike 1-1: Swinging Strike 1-2: Ball 2-2: Ball 3-2: Fly out, F5 (Popup, 5SF, EV 66.3 MPH)
|
|
Batting: RHB Guadalupe Garcia
|
0-0: Ball 1-0: Ball 2-0: Ground out 4-3 (Groundball, 4, EV 79.4 MPH)
|
| Bottom of the 3rd over - 1 run, 2 hits, 0 errors, 2 left on base; Peninsula 2 - Kinston 3 |
| TOP OF THE 4TH |
|
Peninsula Panthers batting - Pitching for Kinston Eagles : RHP Erol Akchurin
|
|
Batting: RHB David Stevens
|
0-0: Swinging Strike 0-1: SINGLE (Groundball, 34D, EV 94.4 MPH)
|
|
Batting: RHB Douglas Elliott
|
0-0: SINGLE (Line Drive, 78S, EV 94.4 MPH) David Stevens to second
|
|
Batting: SHB Steven Malito
|
0-0: Called Strike 0-1: Ball 1-1: Foul Ball, location: 2F 1-2: Ball 2-2: Foul Ball, location: 2F 2-2: Ground out 6-3 (Groundball, P, EV 90.6 MPH) David Stevens to third Douglas Elliott to second
|
|
Batting: RHB Dan Cox
|
0-0: Called Strike 0-1: Ball 1-1: Called Strike 1-2: Ground out 6-3 (Groundball, 6, EV 83.8 MPH) David Stevens scores Douglas Elliott to third
|
|
Batting: RHB David Stokes
|
0-0: Swinging Strike 0-1: Ball 1-1: Ball 2-1: Foul Ball, location: 2F 2-2: 2-RUN HOME RUN (Flyball, 7LD, EV 87.5 MPH), Distance : 344 ft
|
|
Batting: LHB Randy Harvey
|
0-0: Foul Ball, location: 2F 0-1: Called Strike 0-2: Ball 1-2: Ball 2-2: Ball 3-2: Base on Balls
|
|
Batting: RHB Lawrence McGee
|
0-0: Foul Ball, location: 2F 0-1: Foul Ball, location: 2F 0-2: Strikes out swinging
|
| Top of the 4th over - 3 runs, 3 hits, 0 errors, 1 left on base; Peninsula 5 - Kinston 3 |
| BOTTOM OF THE 4TH |
|
Kinston Eagles batting - Pitching for Peninsula Panthers : RHP Steve Daniels
|
|
Batting: RHB Jose Valdez
|
0-0: Ball 1-0: Called Strike 1-1: Called Strike 1-2: Ball 2-2: Strikes out looking
|
|
Batting: LHB Randall Curtis
|
0-0: Fly out, F7 (Line Drive, 7, EV 88.1 MPH)
|
|
Batting: LHB Jeffrey Wilson
|
0-0: Foul Ball, location: 2F 0-1: Ball 1-1: Foul Ball, location: 2F 1-2: Ball 2-2: Foul Ball, location: 2F 2-2: SINGLE (Flyball, 3D, EV 95.0 MPH)
|
|
Batting: RHB Tony Incaviglia
|
0-0: Called Strike 0-1: Ball Wild Pitch! Jeffrey Wilson to second 1-1: Ball 2-1: Ball 3-1: Foul Ball, location: 2F 3-2: DOUBLE (Line Drive, 89D, EV 102.5 MPH) Jeffrey Wilson scores
|
|
Batting: LHB Eric Peyton
|
0-0: Ball 1-0: Foul Ball, location: 2F 1-1: Ball 2-1: Called Strike 2-2: Foul Ball, location: 2F 2-2: Ball 3-2: Fly out, F8 (Flyball, 8LS, EV 89.4 MPH)
|
| Bottom of the 4th over - 1 run, 2 hits, 0 errors, 1 left on base; Peninsula 5 - Kinston 4 |
| TOP OF THE 5TH |
|
Peninsula Panthers batting - Pitching for Kinston Eagles : RHP Erol Akchurin
|
|
Batting: SHB Vince Coleman
|
0-0: Ball 1-0: Foul Ball, location: 2F 1-1: Called Strike 1-2: Fly out, F8 (Flyball, 8LD, EV 93.1 MPH)
|
|
Batting: SHB Romel Beck
|
0-0: Ground out U3 (Groundball, 13, EV 83.8 MPH)
|
|
Batting: RHB David Stevens
|
0-0: Ball 1-0: Swinging Strike 1-1: Ground out 5-3 (Groundball, 5, EV 103.1 MPH)
|
| Top of the 5th over - 0 runs, 0 hits, 0 errors, 0 left on base; Peninsula 5 - Kinston 4 |
| BOTTOM OF THE 5TH |
|
Kinston Eagles batting - Pitching for Peninsula Panthers : RHP Steve Daniels
|
|
Batting: RHB Carlos Ponce
|
0-0: Called Strike 0-1: Swinging Strike 0-2: Foul Ball, location: 2F 0-2: SINGLE (Line Drive, 7S, EV 111.3 MPH)
|
|
Batting: RHB Elias Corona
|
0-0: 2-RUN HOME RUN (Flyball, 9D, EV 95.6 MPH), Distance : 373 ft
|
|
Batting: RHB Alfredo Aceves
|
0-0: Ball 1-0: Ball 2-0: Swinging Strike 2-1: Swinging Strike 2-2: Ground out 6-3 (Groundball, 6, EV 83.8 MPH)
|
|
Batting: RHB Guadalupe Garcia
|
0-0: Fly out, F8 (Flyball, 89D, EV 104.4 MPH)
|
|
Batting: RHB Jose Valdez
|
0-0: Called Strike 0-1: Ground out 6-3 (Groundball, 6M, EV 105.0 MPH)
|
| Bottom of the 5th over - 2 runs, 2 hits, 0 errors, 0 left on base; Peninsula 5 - Kinston 6 |
| TOP OF THE 6TH |
|
Peninsula Panthers batting - Pitching for Kinston Eagles : RHP Erol Akchurin
|
|
Pitching: RHP Andrew Adams
|
|
|
Batting: RHB Douglas Elliott
|
0-0: Ball 1-0: Foul Ball, location: 2F 1-1: Ball 2-1: Swinging Strike 2-2: Ball 3-2: Base on Balls
|
|
Batting: SHB Steven Malito
|
0-0: Called Strike 0-1: Sac Bunt to 13 - play at first, batter OUT! 1-3 Douglas Elliott to second
|
|
Batting: RHB Dan Cox
|
0-0: Called Strike 0-1: Called Strike 0-2: Ball 1-2: Ball 2-2: DOUBLE (Flyball, 8LXD, EV 112.5 MPH) Douglas Elliott scores
|
|
Batting: RHB David Stokes
|
0-0: Called Strike 0-1: Swinging Strike 0-2: Ball 1-2: Foul Ball, location: 2F 1-2: Strikes out swinging
|
|
Batting: LHB Randy Harvey
|
0-0: Called Strike 0-1: Ball 1-1: Ball 2-1: Reached on error, E4 (Groundball, 4D, EV 103.8 MPH) Dan Cox to third
|
|
Batting: RHB Lawrence McGee
|
0-0: Ball 1-0: Ball 2-0: Ball 3-0: Called Strike 3-1: Base on Balls Randy Harvey to second
|
|
Pitching: RHP John Tillema
|
|
|
Batting: SHB Vince Coleman
|
0-0: Ball 1-0: Foul Ball, location: 2F 1-1: Ground out U3 (Groundball, 3L, EV 105.6 MPH)
|
| Top of the 6th over - 1 run, 1 hit, 1 error, 3 left on base; Peninsula 6 - Kinston 6 |
| BOTTOM OF THE 6TH |
|
Kinston Eagles batting - Pitching for Peninsula Panthers : RHP Steve Daniels
|
|
Batting: LHB Randall Curtis
|
0-0: Ball 1-0: Ball 2-0: Ball 3-0: Called Strike 3-1: Base on Balls
|
|
Batting: LHB Jeffrey Wilson
|
0-0: Ball 1-0: Bunted foul 1-1: Ball 2-1: Ball 3-1: Sac Bunt to 3S - play at first, batter OUT! 3-1 Randall Curtis to second
|
|
Pitching: RHP Guy Jones
|
|
|
Batting: RHB Tony Incaviglia
|
0-0: Ball 1-0: Ball 2-0: Ball 3-0: Called Strike 3-1: Called Strike 3-2: Base on Balls
|
|
Batting: LHB Eric Peyton
|
0-0: Called Strike 0-1: Ball 1-1: Foul Ball, location: 2F 1-2: Ball 2-2: Foul Ball, location: 2F 2-2: Fly out, F8 (Line Drive, 8RD, EV 95.0 MPH)
|
|
Batting: RHB Carlos Ponce
|
0-0: Ball 1-0: Called Strike 1-1: SINGLE (Groundball, 4MD, EV 98.1 MPH) Randall Curtis to third Tony Incaviglia to second Runner from 3rd tries for Home, SAFE, throw by CF to home
|
|
Batting: RHB Elias Corona
|
0-0: Called Strike 0-1: Foul Ball, location: 2F 0-2: Foul Ball, location: 2F 0-2: Ball 1-2: Ball 2-2: SINGLE (Groundball, 56D, EV 100.0 MPH) Tony Incaviglia to third Carlos Ponce to second Runner from 3rd tries for Home, SAFE, throw by LF to home
|
|
Batting: RHB Alfredo Aceves
|
0-0: Ball 1-0: Ball 2-0: Ball 3-0: Base on Balls Carlos Ponce to third Elias Corona to second
|
|
Batting: RHB Guadalupe Garcia
|
0-0: Called Strike 0-1: Fly out, F7 (Flyball, 7, EV 91.3 MPH)
|
| Bottom of the 6th over - 2 runs, 2 hits, 0 errors, 3 left on base; Peninsula 6 - Kinston 8 |
| TOP OF THE 7TH |
|
Peninsula Panthers batting - Pitching for Kinston Eagles : RHP John Tillema
|
|
Batting: SHB Romel Beck
|
0-0: Called Strike 0-1: Foul Ball, location: 2F 0-2: Ball 1-2: Strikes out swinging
|
|
Batting: RHB David Stevens
|
0-0: Reached on error, E5 (Groundball, 56, EV 88.8 MPH)
|
|
Batting: RHB Douglas Elliott
|
0-0: Called Strike 0-1: Ball 1-1: Ground out 4-3 (Groundball, 4, EV 84.4 MPH) David Stevens to third
|
|
Batting: SHB Steven Malito
|
0-0: Ball 1-0: Ball 2-0: Ball 3-0: Called Strike 3-1: Base on Balls
|
|
Batting: LHB Ted French
|
0-0: Called Strike 0-1: Ball 1-1: Ball 2-1: SINGLE (Line Drive, 78S, EV 106.3 MPH) David Stevens scores Steven Malito to second
|
|
Batting: RHB David Stokes
|
0-0: Called Strike 0-1: Ball 1-1: Fly out, F7 (Flyball, 7LM, EV 76.3 MPH)
|
| Top of the 7th over - 1 run, 1 hit, 1 error, 2 left on base; Peninsula 7 - Kinston 8 |
| BOTTOM OF THE 7TH |
|
Kinston Eagles batting - Pitching for Peninsula Panthers : RHP Guy Jones
|
|
Batting: RHB Jose Valdez
|
0-0: Called Strike 0-1: Foul Ball, location: 2F 0-2: Ball 1-2: Ball 2-2: Fly out, F9 (Flyball, 89S, EV 88.1 MPH)
|
|
Batting: LHB Randall Curtis
|
0-0: Called Strike 0-1: SOLO HOME RUN (Flyball, 9D, EV 91.9 MPH), Distance : 381 ft
|
|
Batting: LHB Jeffrey Wilson
|
0-0: Called Strike 0-1: Foul Ball, location: 2F 0-2: Ball 1-2: Foul Ball, location: 2F 1-2: Ball 2-2: Ball 3-2: Base on Balls
|
|
Batting: RHB Tony Incaviglia
|
0-0: Foul Ball, location: 2F 0-1: Foul Ball, location: 2F 0-2: Ball 1-2: Foul Ball, location: 2F 1-2: Ball 2-2: Ball 3-2: SINGLE (Groundball, 6M, EV 96.9 MPH) Jeffrey Wilson to second Runner from 2nd tries for 3rd, SAFE, throw by CF made to third
|
|
Batting: LHB Eric Peyton
|
0-0: DOUBLE (Line Drive, 8RXD, EV 105.0 MPH) Jeffrey Wilson scores Tony Incaviglia to third
|
|
Batting: RHB Carlos Ponce
|
0-0: Ball 1-0: Swinging Strike 1-1: Ball 2-1: Foul Ball, location: 2F 2-2: Ball 3-2: Foul Ball, location: 2F 3-2: Foul Ball, location: 2F 3-2: SINGLE (Line Drive, 8RS, EV 98.8 MPH) Tony Incaviglia scores Eric Peyton to third Runner from 3rd tries for Home, SAFE, throw by CF to home
|
|
Batting: RHB Elias Corona
|
0-0: Ball 1-0: Ball 2-0: Grounds into double play, 6-4-3 (Groundball, 6, EV 83.8 MPH)
|
| Bottom of the 7th over - 4 runs, 4 hits, 0 errors, 0 left on base; Peninsula 7 - Kinston 12 |
| TOP OF THE 8TH |
|
Peninsula Panthers batting - Pitching for Kinston Eagles : RHP John Tillema
|
|
Batting: LHB Randy Harvey
|
0-0: Called Strike 0-1: Ball 1-1: Foul Ball, location: 2F 1-2: Strikes out swinging
|
|
Batting: RHB Lawrence McGee
|
0-0: Called Strike 0-1: Called Strike 0-2: Ball 1-2: Strikes out swinging
|
|
Batting: SHB Vince Coleman
|
0-0: Ball 1-0: Foul Ball, location: 2F 1-1: Foul Ball, location: 2F 1-2: SINGLE (Line Drive, 78M, EV 90.6 MPH)
|
|
Pitching: LHP Robert Allen
|
|
|
Batting: SHB Romel Beck
|
0-0: Ball 1-0: Called Strike 1-1: SINGLE (Line Drive, 78S, EV 88.1 MPH) Vince Coleman to second
|
|
Batting: RHB David Stevens
|
0-0: Ball 1-0: Ball 2-0: Ball 3-0: Base on Balls Vince Coleman to third Romel Beck to second
|
|
Batting: RHB Douglas Elliott
|
0-0: Ball 1-0: Ball 2-0: Called Strike 2-1: Foul Ball, location: 2F 2-2: Foul Ball, location: 2F 2-2: Foul Ball, location: 2F 2-2: Strikes out swinging
|
| Top of the 8th over - 0 runs, 2 hits, 0 errors, 3 left on base; Peninsula 7 - Kinston 12 |
| BOTTOM OF THE 8TH |
|
Kinston Eagles batting - Pitching for Peninsula Panthers : RHP Guy Jones
|
|
Batting: RHB Alfredo Aceves
|
0-0: SINGLE (Line Drive, 5D, EV 94.4 MPH)
|
|
Pitching: RHP Oil Can Boyd
|
|
|
Batting: RHB Guadalupe Garcia
|
0-0: Fielders Choice at 2nd, 6-4 (Groundball, 56, EV 84.4 MPH)
|
|
Batting: RHB Jose Valdez
|
0-0: Fly out, F7 (Line Drive, 7D, EV 98.8 MPH)
|
|
Batting: LHB Randall Curtis
|
0-0: Fielders Choice at 2nd, 6-4 (Groundball, 6, EV 78.8 MPH)
|
| Bottom of the 8th over - 0 runs, 1 hit, 0 errors, 1 left on base; Peninsula 7 - Kinston 12 |
| TOP OF THE 9TH |
|
Peninsula Panthers batting - Pitching for Kinston Eagles : LHP Robert Allen
|
|
Batting: SHB Steven Malito
|
0-0: Ground out 6-3 (Groundball, 4M, EV 83.1 MPH)
|
|
Batting: LHB Ted French
|
0-0: Ground out U3 (Groundball, 34, EV 96.9 MPH)
|
|
Batting: RHB David Stokes
|
0-0: Ball 1-0: Ball 2-0: SINGLE (Groundball, 34D, EV 100.6 MPH)
|
|
Batting: LHB Randy Harvey
|
0-0: Ball 1-0: Ball 2-0: Called Strike 2-1: Called Strike 2-2: Strikes out swinging
|
| Top of the 9th over - 0 runs, 1 hit, 0 errors, 1 left on base; Peninsula 7 - Kinston 12 |
|